 Dungeon Crawl Stone Soup version bcrawl-1.40.3b (webtiles) character file.

Game seed: 13698259105020178196

415317 Finalfun the Fencer (level 13, -12/98 HPs)
             Began as a Demonspawn Archaeologist on Mar 23, 2024.
             Was an Initiate of Gozag.
             Mangled by a goliath frog (13 damage)
             ... on level 6 of the Lair of Beasts.
             The game lasted 00:48:28 (17465 turns).

Finalfun the Fencer (Demonspawn Archaeologist)     Turns: 17465, Time: 00:48:28

Health: -12/98     AC: 14    Str: 20    XL:     13   Next: 53%
Magic:  15/20      EV: 12    Int: 19    God:    Gozag
Gold:   3264       SH:  4    Dex: 15    Spells: 7/22 levels left

rFire    . . .     GDR:     27% a - +3 double sword (protect)
rCold    + . .     SeeInvis .   (no shield)
rNeg     . . .     Gourm    .   Y - +2 ring mail {rC+}
rPois    +         Faith    .   B - +2 hat {Int+3}
rElec    .         Spirit   .   R - +0 cloak
rCorr    .         Reflect  .   S - +2 pair of gloves {archery}
MR       .....                  r - +1 pair of boots
Stlth    ++........             t - amulet of regeneration
HPRegen  0.71/turn              W - +7 ring of strength
MPRegen  0.17/turn              A - ring of poison resistance

@: corroded, protection aura, lightly drained
A: hooves 2, demonic guardian 1, rot immunity, sturdy frame 2
a: Potion Petition, Call Merchant, Bribe Branch, Renounce Religion


You were on level 6 of the Lair of Beasts.
You worshipped Gozag.
Gozag was most pleased with you.
You were near starving.

You visited 2 branches of the dungeon, and saw 15 of its levels.
You also visited: Gauntlet and Ice Cave.

You collected 4575 gold pieces.
You spent 1271 gold pieces at shops.
You paid 40 gold pieces to Gozag.

Inventory:

Hand Weapons
 a - a +3 double sword of protection (weapon)
 b - a +0 blowgun
 x - the +5 spear "Jeefelai" {venom, rC+ rN+ Str+3, unknown}
   (You found it on level 2 of the Lair of Beasts)

   It poisons the flesh of those it strikes.
   It affects your strength (+3).
   It protects you from cold.
   It protects you from negative energy.
 G - the +6 arbalest "Kiufyrgh" {flame, Str+5, unknown}
   (You found it in a Gauntlet)

   It causes projectiles fired from it to surge with flame as they hit,
   increasing damage dealt by approximately one third against foes not resistant
   or susceptible to fire.
   It affects your strength (+5).
Missiles
 f - 6 curare-tipped needles
 h - 333 javelins of penetration {=f}
 j - 140 poisoned needles
 k - 3083 arrows
 l - 3649 stones
 n - a throwing net {=f}
 T - 293 poisoned tomahawks (quivered)
 U - 52 exploding tomahawks
Armour
 r - a +1 pair of boots (worn)
 B - a +2 hat of intelligence (worn)
 R - a +0 cloak (worn)
 S - a +2 pair of gloves of archery (worn)
 Y - a +2 ring mail of cold resistance (worn)
Jewellery
 t - an amulet of regeneration (around neck)
 y - an uncursed ring of see invisible
 A - a ring of poison resistance (right hand)
 E - the ring "Coorch" {Fire Dex+4}
   (You found it on level 4 of the Dungeon)

   [ring of fire]

   It enhances your fire magic.
   It affects your dexterity (+4).
   It protects you from fire.
   It makes you vulnerable to cold.
 L - the ring of the Unstoppable Lies {rElec Stlth--}
   (You found it on level 6 of the Dungeon)

   [ring of attention]

   It insulates you from electricity.
   It makes you much less stealthy.
 W - a +7 ring of strength (left hand)
Wands
 z - a wand of random effects (25)
 X - a wand of flame (10)
Scrolls
 m - 6 scrolls of remove curse
 o - 6 scrolls of teleportation
 q - 7 scrolls of enchant armour
 u - 7 scrolls of fog
 H - 2 scrolls of amnesia
 I - 4 scrolls of immolation
 K - a scroll of fear
 M - a scroll of silence
 N - 2 scrolls of vulnerability
Potions
 g - a potion of cancellation
 p - 2 potions of flight
 s - a potion of ambrosia
 w - 3 potions of might
 C - 8 potions of curing
 D - 2 potions of mutation
 F - 3 potions of brilliance
 J - 3 potions of agility
 Q - 2 potions of lignification
 V - a potion of invisibility
Miscellaneous
 c - a sack of spiders
Comestibles
 e - 9 rations {!d}


   Skills:
 + Level 8.3(7.8) Fighting
 + Level 16.0(15.4) Long Blades
   Level 0.8(0.4) Maces & Flails
 + Level 0.3(0.0) Armour
 + Level 2.7(2.3) Dodging
 - Level 3.0(2.5) Stealth
 - Level 5.0(4.5) Spellcasting
 - Level 8.0(7.5) Summonings
 - Level 5.0(4.5) Ice Magic
 - Level 5.0(4.5) Evocations


You had 7 spell levels left.
You knew the following spells:

 Your Spells              Type           Power        Failure   Level  Hunger
a - Summon Small Mammal   Summ           ####         1%          1    None
b - Call Imp              Summ           ####..       1%          2    None
c - Call Canine Familiar  Summ           ####....     1%          3    ###....
d - Summon Ice Beast      Ice/Summ       ####....     12%         4    #####..
e - Summon Lightning Spi  Summ/Air       ###.....     63%         5    ######.

Your spell library contained the following spells:

 Spells                   Type           Power        Failure   Level  Hunger
 False Image              Hex/Summ       ###.....     9%          3    ###....
 Corona                   Hex            #......      14%         1    None
 Necrotize                Necr           #.....       14%         1    None
 Static Discharge         Air            #.....       14%         1    None
 Shackle                  Hex            #.......     22%         2    None
 Shock                    Conj/Air       #......      22%         2    None
 Swiftness                Chrm/Air       #.......     22%         2    None
 Inner Flame              Hex/Fire       N/A          38%         3    ###....
 Mephitic Cloud           Conj/Pois/Air  #.......     38%         3    ###....
 Vampiric Draining        Necr           #.........   38%         3    ###....
 Agony                    Necr           #.......     80%         4    #####..
 Animate Dead             Necr           N/A          80%         4    #####..
 Cause Fear               Hex            #.........   80%         4    #####..
 Lightning Bolt           Conj/Air       #.......     80%         4    #####..
 Yara's Violent Unravell  Hex/Tmut       #.........   80%         4    #####..
 Dispel Undead            Necr           #.......     98%         5    ######.


Dungeon Overview and Level Annotations

Branches:
Dungeon (9/12)             Temple (0/1) D:4            Lair (6/6) D:9
 Shoals (0/3) Lair:2       Spider (0/3) Lair:3          Elf (0/3) Lair:5
    Orc: D:8-11

Altars:
Cheibriados
Dithmenos
Gozag
Makhleb
Okawaru
Ru
Sif Muna

Shops:
D:4 !?%*

Annotations:
D:8 1 runed translucent door, polpettosauro's ghost, novice HOFi


Innate Abilities, Weirdness & Mutations

You have hoof-like feet.
A weak demonic guardian rushes to your aid.
You are immune to rotting.
Your movements are less encumbered by armour. (ER -4)


Message History

Your ufetubus closely misses the goliath frog.
Your ufetubus barely misses the goliath frog.
Your quokka bites the goliath frog but does no damage.
Okay, then.
Okay, then.
Evoke which item? (* to show all) (? for menu, Esc to quit)
Aiming: Throw Flame
Press: ? - help, Shift-Dir - straight line, f - goliath frog
Aim: a goliath frog (almost dead)
The puff of flame hits the goliath frog but does no damage.
The goliath frog is almost dead.
Your hound bites the goliath frog but does no damage.
Your ufetubus barely misses the goliath frog.
Your ufetubus hits the goliath frog but does no damage.
Your quokka bites the goliath frog but does no damage.
Your white imp hits the goliath frog but does no damage.
Your hound closely misses the goliath frog.
The goliath frog hits you!
You die...
Your body crumbles into a pile of gold.

...#.....#.P...
.........#....##
................
.................
.................
.................
.................
.................
........@$5......
........5Fr......
........r5h......
$
.................
$
.................
..########≈....##
. ≈≈..## $ ≈≈..(.
$$ ≈≈≈....


You could see a goliath frog, a friendly hound, a friendly iron imp, a friendly
white imp, a friendly ufetubus and 2 friendly quokkas.

Vanquished Creatures
  A minotaur (Gauntlet)
  A hydra (Lair:2)
  A tengu warrior (Gauntlet)
  6 death yaks
  Nergalle (D:9)
  An unseen horror (D:9)
  Pikel (D:6)
  An oklob plant (Gauntlet)
  An ugly thing (IceCv)
  4 black mambas
  4 cane toads
  A torpor snail (Lair:5)
  2 komodo dragons (Lair:2)
  A rime drake (Lair:3)
  2 tengu conjurers (Gauntlet)
  A polar bear (Lair:3)
  Grinder (D:3)
  6 blink frogs
  A hornet (Lair:5)
  A slime creature (D:8)
  9 dream sheep
  4 hippogriffs
  5 wraiths
  A wyvern (Lair:6)
  27 yaks
  A basilisk (Lair:5)
  A hungry ghost (D:6)
  6 water moccasins
  11 crocodiles
  2 acid dragons (Gauntlet)
  9 porcupines
  4 sky beasts
  3 black bears
  6 ice beasts
  A phantom (D:8)
  5 orc warriors
  6 ogres
  6 wolves
  A kobold brigand (D:8)
  13 bullfrogs
  5 centaurs
  2 scorpions
  7 killer bees
  10 wights (D:8)
  9 orc priests
  2 crimson imps
  A quasit (D:8)
  A bullfrog zombie (D:7)
  3 bullfrog skeletons
  2 hounds
  2 jellies
  An iguana (D:8)
  9 orc wizards
  7 worker ants
  A killer bee zombie (D:7)
  6 gnolls
  2 howler monkey skeletons
  9 adders
  3 shadow imps
  An adder zombie (D:5)
  An adder skeleton (D:8)
  5 worms
  2 dart slugs (D:2)
  5 leopard geckos
  40 orcs
  A ball python (D:4)
  2 bats
  6 giant cockroaches
  12 hobgoblins
  4 quokkas
  5 frilled lizards
  7 goblins
  14 kobolds
  A quokka zombie (D:6)
  4 rats (D:2)
351 creatures vanquished.

Vanquished Creatures (collateral kills)
  Josephine (Lair:5)
  A death yak (Lair:5)
  A lindwurm (Lair:4)
  A manticore (Lair:2)
  A cane toad (Lair:3)
  2 hippogriffs
  2 blink frogs (Lair:5)
  4 dream sheep
  6 yaks
  A water moccasin (Lair:2)
  An orc warrior (D:7)
  4 ice beasts
  2 ogres
  Blork the orc (D:4)
  A bullfrog (Lair:1)
  A centaur (D:6)
  A killer bee (D:8)
  A howler monkey (D:6)
  2 orc wizards
  Jessica (D:3)
  3 orcs
  2 kobolds (D:8)
  A fungus (Lair:4)
  A plant (Lair:4)
42 creatures vanquished.

Vanquished Creatures (others)
  A black bear (D:6)
  An orc warrior (D:6)
  A gnoll sergeant (D:6)
  A gnoll shaman (D:7)
  2 orc wizards (D:6)
  2 gnolls (D:6)
  4 orcs (D:6)
  8 fungi
  8 plants
28 creatures vanquished.

Grand Total: 421 creatures vanquished

Notes
Turn   | Place    | Note
-------+----------+-------------------------------------------
     0 | D:1      | Finalfun the Demonspawn Archaeologist began the quest for
                  | the Orb.
     0 | D:1      | Reached XP level 1. HP: 15/15 MP: 1/1
   269 | D:1      | Gained mutation: A weak demonic guardian rushes to your
                  | aid. [demonic ancestry]
   269 | D:1      | Reached XP level 2. HP: 22/22 MP: 2/2
   855 | D:2      | Found a sacrificial altar of Ru.
   855 | D:2      | Found a shimmering blue altar of Sif Muna.
   855 | D:2      | Found a shadowy altar of Dithmenos.
   855 | D:2      | Found a white marble altar of Elyvilon.
   907 | D:2      | Found a burning altar of Makhleb.
   974 | D:2      | Found an opulent altar of Gozag.
   990 | D:2      | Became a worshipper of Gozag Ym Sagoz the Greedy
  1138 | D:2      | Reached XP level 3. HP: 20/29 MP: 3/3
  2075 | D:2      | Reached XP level 4. HP: 37/37 MP: 4/4
  2251 | D:3      | Found a snail-covered altar of Cheibriados.
  2271 | D:3      | Noticed Grinder
  2887 | D:3      | Noticed Jessica
  2899 | D:3      | Killed Jessica
  2979 | D:3      | Gained mutation: You have large cloven feet. [demonic
                  | ancestry]
  2979 | D:3      | Reached XP level 5. HP: 34/43 MP: 5/5
  2979 | D:3      | Identified a scroll of acquirement
  2981 | D:3      | Identified the ring of Iphour {+Blink rElec MP+9 Dex+8
                  | Stlth-} (You acquired it on level 3 of the Dungeon)
  3040 | D:3      | Found an iron altar of Okawaru.
  3304 | D:3      | Paralysed by Grinder for 2 turns
  3309 | D:3      | Reached skill level 5 in Fighting
  3312 | D:3      | Killed Grinder
  3313 | D:3      | Reached skill level 2 in Long Blades
  3313 | D:3      | Reached XP level 6. HP: 38/52 MP: 6/6
  3392 | D:4      | Found Yntah's Food Shop.
  3430 | D:3      | Reached skill level 3 in Long Blades
  3552 | D:3      | Gained mutation: Your movements are slightly less
                  | encumbered by armour. (ER -2) [demonic ancestry]
  3552 | D:3      | Reached XP level 7. HP: 14/58 MP: 7/7
  3693 | D:4      | Found a staircase to the Ecumenical Temple.
  3786 | D:4      | Found Cehiriat's Assorted Antiques.
  3808 | D:4      | Noticed Blork the orc
  3815 | D:4      | Killed Blork the orc
  3816 | D:4      | Reached skill level 4 in Long Blades
  3895 | D:4      | Got a pair of fading gloves
  3907 | D:4      | Got a transparent steel ring
  3916 | D:4      | Found Uqaj's Food Emporium.
  4079 | D:4      | Got a translucent glass ring
  4379 | D:4      | Found Puirym's Magic Scroll Boutique.
  4382 | D:4      | Bought a scroll of amnesia for 45 gold pieces
  4382 | D:4      | Bought 3 scrolls of fog for 78 gold pieces
  4382 | D:4      | Bought a scroll of teleportation for 39 gold pieces
  4382 | D:4      | Bought a scroll of immolation for 45 gold pieces
  4382 | D:4      | Bought a scroll of blinking for 97 gold pieces
  4382 | D:4      | Bought a scroll of identify for 26 gold pieces
  4382 | D:4      | Bought a scroll of identify for 26 gold pieces
  4382 | D:4      | Bought a scroll of identify for 26 gold pieces
  4382 | D:4      | Bought a scroll of identify for 26 gold pieces
  4382 | D:4      | Bought a scroll of identify for 26 gold pieces
  4415 | D:4      | Found Xaing's Distillery.
  4428 | D:4      | Bought a potion of heal wounds for 70 gold pieces
  4428 | D:4      | Bought a potion of heal wounds for 70 gold pieces
  4428 | D:4      | Bought a potion of might for 56 gold pieces
  4428 | D:4      | Bought a potion of agility for 56 gold pieces
  4433 | D:4      | Identified the +1 pair of gloves of the Harvest {-Tele rF+
                  | Str+4} (You found it on level 4 of the Dungeon)
  4449 | D:4      | Identified the cursed ring "Coorch" {Fire Dex+4} (You found
                  | it on level 4 of the Dungeon)
  4452 | D:4      | Identified the ring "Goizol" {Fire *Corrode rElec Str+4}
                  | (You found it on level 4 of the Dungeon)
  4860 | D:5      | Entered Level 5 of the Dungeon
  4908 | D:5      | Found a sacrificial altar of Ru.
  4968 | D:5      | Reached skill level 5 in Long Blades
  4968 | D:5      | Gained mutation: You have hoof-like feet. [demonic
                  | ancestry]
  4968 | D:5      | Reached XP level 8. HP: 67/67 MP: 8/8
  5634 | D:5      | Reached skill level 6 in Long Blades
  5756 | D:6      | Noticed Pikel
  5766 | D:6      | Killed Pikel
  5767 | D:6      | Reached skill level 7 in Long Blades
  5767 | D:6      | Gained mutation: You are immune to rotting. [demonic
                  | ancestry]
  5767 | D:6      | Reached XP level 9. HP: 74/74 MP: 9/9
  5810 | D:6      | Reached skill level 8 in Long Blades
  6034 | D:6      | Reached skill level 9 in Long Blades
  6247 | D:6      | Reached skill level 10 in Long Blades
  6515 | D:6      | Got a crude jade ring
  6533 | D:6      | Got a smouldering mace
  6587 | D:6      | Identified the ring of the Unstoppable Lies {rElec Stlth--}
                  | (You found it on level 6 of the Dungeon)
  6593 | D:6      | Identified the +2 mace of a wizard's laboratory {crush,
                  | *Drain rN+ Int+7} (You found it on level 6 of the Dungeon)
  6735 | D:7      | Reached XP level 10. HP: 71/80 MP: 10/10
  6842 | D:4      | Bought a ration for 65 gold pieces
  6842 | D:4      | Bought a ration for 65 gold pieces
  6842 | D:4      | Bought a ration for 65 gold pieces
  6842 | D:4      | Bought a ration for 65 gold pieces
  6842 | D:4      | Bought a ration for 65 gold pieces
  6842 | D:4      | Bought a ration for 65 gold pieces
  6842 | D:4      | Bought a ration for 65 gold pieces
  6842 | D:4      | Bought a ration for 65 gold pieces
  6842 | D:4      | Bought a ration for 65 gold pieces
  6936 | D:7      | Identified the +2 leather armour "Hoel" {MP+9}
  6962 | D:7      | Reached skill level 11 in Long Blades
  7835 | D:8      | Found a runed translucent door.
  7836 | D:8      | Noticed polpettosauro's ghost (novice HOFi)
  7837 | D:8      | Identified the +11 spear "Liyguut" {freeze, +Blink rF+ MP+9
                  | Str+4}
  7902 | D:8      | Reached skill level 12 in Long Blades
  8212 | D:8      | Found a burning altar of Makhleb.
  8579 | D:8      | Reached skill level 13 in Long Blades
  9065 | D:9      | Reached XP level 11. HP: 86/86 MP: 11/11
  9134 | D:9      | Noticed Nergalle
  9154 | D:9      | Killed Nergalle
  9331 | D:9      | Found a staircase to the Lair.
  9508 | D:9      | Noticed an unseen horror
  9519 | D:9      | Killed an unseen horror
 10166 | Lair:1   | Entered Level 1 of the Lair of Beasts
 10508 | Lair:1   | Reached skill level 14 in Long Blades
 11120 | Lair:2   | Found a frozen archway.
 11162 | IceCv    | Entered an ice cave
 11162 | IceCv    | Noticed a white ugly thing
 11187 | IceCv    | Killed a white ugly thing
 11246 | IceCv    | Found a transporter.
 11266 | IceCv    | Noticed a white ugly thing
 11423 | Lair:2   | Noticed an eight-headed hydra
 11499 | Lair:2   | Killed an eight-headed hydra
 11693 | Lair:2   | Reached skill level 15 in Long Blades
 12034 | Lair:2   | Found a staircase to the Shoals.
 12193 | Lair:2   | Got a masterwork spear
 12425 | Lair:3   | Gained mutation: Your movements are less encumbered by
                  | armour. (ER -4) [demonic ancestry]
 12425 | Lair:3   | Reached XP level 12. HP: 82/93 MP: 12/12
 12898 | Lair:3   | Found a hole to the Spider Nest.
 13454 | Lair:4   | Reached skill level 1 in Evocations
 13528 | Lair:3   | Learned a level 1 spell: Summon Small Mammal
 13538 | Lair:4   | Reached skill level 16 in Long Blades
 13585 | Lair:4   | Reached skill level 1 in Summonings
 13587 | Lair:4   | Reached skill level 1 in Spellcasting
 13999 | Lair:4   | Noticed a death yak
 13999 | Lair:4   | Noticed a death yak
 13999 | Lair:4   | Noticed a death yak
 14000 | Lair:4   | Noticed a death yak
 14026 | Lair:4   | Noticed a death yak
 14039 | Lair:3   | Killed a death yak
 14497 | Lair:3   | Killed a death yak
 14498 | Lair:3   | Reached skill level 5 in Evocations
 14581 | Lair:4   | Killed a death yak
 15123 | Lair:5   | Noticed a death yak
 15123 | Lair:5   | Noticed a death yak
 15126 | Lair:5   | Noticed a death yak
 15129 | Lair:5   | Noticed a death yak
 15154 | Lair:4   | Killed a death yak
 15254 | Lair:5   | Found a gate leading to a gauntlet.
 15260 | Lair:5   | Found a staircase to the Elven Halls.
 15267 | Gauntlet | Entered a Gauntlet
 15267 | Gauntlet | Found a transporter.
 15267 | Gauntlet | Found a transporter.
 15284 | Gauntlet | Found a transporter.
 15284 | Gauntlet | Found a transporter.
 15294 | Gauntlet | Found a transporter.
 15294 | Gauntlet | Found a transporter.
 15304 | Gauntlet | Found a transporter.
 15304 | Gauntlet | Found a transporter.
 15304 | Gauntlet | Noticed a ghost crab
 15327 | Gauntlet | Found a transporter.
 15349 | Gauntlet | Found a transporter.
 15368 | Gauntlet | Noticed a tengu warrior
 15369 | Gauntlet | Found a transporter.
 15420 | Gauntlet | Found a transporter.
 15435 | Gauntlet | Found a transporter.
 15525 | Gauntlet | Found a transporter.
 15534 | Gauntlet | Found a transporter.
 15548 | Gauntlet | Noticed a queen ant
 15551 | Gauntlet | Found a transporter.
 15577 | Gauntlet | Learned a level 2 spell: Call Imp
 15581 | Gauntlet | Learned a level 3 spell: Call Canine Familiar
 15668 | Gauntlet | Killed a tengu warrior
 15748 | Gauntlet | Reached skill level 5 in Summonings
 15794 | Gauntlet | Noticed a death ooze
 15835 | Gauntlet | Noticed a minotaur
 15873 | Gauntlet | Killed a minotaur
 15874 | Gauntlet | Reached XP level 13. HP: 22/98 MP: 17/20
 15936 | Gauntlet | Got a brightly glowing arbalest
 15954 | Lair:5   | Reached skill level 5 in Spellcasting
 15996 | Lair:5   | Learned a level 4 spell: Summon Ice Beast
 16002 | Lair:5   | Learned a level 5 spell: Summon Lightning Spire
 16213 | Lair:5   | Reached skill level 1 in Ice Magic
 16951 | Lair:6   | Entered Level 6 of the Lair of Beasts
 16961 | Lair:6   | Noticed Josephine
 16995 | Lair:5   | Killed Josephine
 17190 | Lair:5   | HP: 1/98 [cane toad (15)]
 17365 | Lair:5   | Reached skill level 5 in Ice Magic
 17464 | Lair:6   | HP: 1/98 [acid (8)]
 17465 | Lair:6   | Mangled by a goliath frog

Skill      XL: |  1  2  3  4  5  6  7  8  9 10 11 12 13 |
---------------+----------------------------------------+-----
Fighting       | 2 3 4 5 6 7 8 |  8.3
Long Blades    | 2 3 5 7 10 13 15 16 | 16.0
Evocations     | 5 |  5.0
Summonings     | 5 8 |  8.0
Spellcasting   | 4 5 |  5.0
Ice Magic      | 5 |  5.0
Maces & Flails | |  0.8
Armour         | |  0.3
Dodging        | |  2.7
Stealth        | |  3.0

Action                   |  1- 3 |  4- 6 |  7- 9 | 10-12 | 13-15 || total
-------------------------+-------+-------+-------+-------+-------++-------
Melee: Whip              |   200 |   110 |       |       |       ||   310
       Double sword      |       |    27 |   296 |  1019 |   170 ||  1512
Throw: Stone             |     1 |    13 |       |     3 |       ||    17
       Tomahawk          |       |       |       |    29 |     4 ||    33
 Cast: Summon Small Mamm |       |       |       |     2 |    41 ||    43
       Call Imp          |       |       |       |     1 |    16 ||    17
       Call Canine Famil |       |       |       |       |    22 ||    22
Evoke: Box of beasts     |       |       |       |     1 |       ||     1
       Wand              |       |       |       |       |     1 ||     1
  Use: Scroll            |       |     4 |    14 |     9 |     4 ||    31
       Potion            |       |       |       |     7 |     2 ||     9
 Stab: Sleeping          |     3 |     4 |       |       |       ||     7
       Distracted        |       |       |     5 |    10 |     5 ||    20
  Eat: Chunk             |     3 |       |       |       |       ||     3
       Ration            |     2 |     2 |     6 |    13 |     3 ||    26
Armor: Robe              |    58 |    48 |     3 |       |       ||   109
       Chain mail        |       |       |   173 |   472 |     2 ||   647
       Ring mail         |       |       |       |       |    86 ||    86
Dodge: Dodged            |   126 |    84 |   101 |   324 |   111 ||   746
Block: Other             |       |       |    13 |   141 |    42 ||   196
